TOP OF THE 1ST |
Albuquerque Isotopes batting - Pitching for Oklahoma City Dodgers : RHP Mike Zimmerly
|
Pitching: RHP Mike Zimmerly
|
|
Batting: SHB Jamel Wright
|
0-0: Called Strike 0-1: Foul Ball, location: 2F 0-2: Ball 1-2: Ground out 3-1 (Groundball, 34, EV 98.8 MPH)
|
Batting: RHB Sadataka Kuwahara
|
0-0: Ball 1-0: Ball 2-0: Ball 3-0: Called Strike 3-1: Fly out, F9 (Line Drive, 89S, EV 107.5 MPH)
|
Batting: RHB Chris King
|
0-0: Fly out, F8 (Flyball, 8LM, EV 90.0 MPH)
|
Top of the 1st over - 0 runs, 0 hits, 0 errors, 0 left on base; Albuquerque 0 - Oklahoma City 0 |
BOTTOM OF THE 1ST |
Oklahoma City Dodgers batting - Pitching for Albuquerque Isotopes : LHP Angel Contreras
|
Pitching: LHP Angel Contreras
|
|
Batting: RHB Theo Schepers
|
0-0: Called Strike 0-1: Called Strike 0-2: Ball 1-2: Strikes out looking
|
Batting: RHB Jeremy Giesler
|
0-0: Ball 1-0: Ball 2-0: SOLO HOME RUN (Flyball, 78XD, EV 104.4 MPH), Distance : 393 ft
|
Batting: RHB Curt Earnest
|
0-0: Ball 1-0: Foul Ball, location: 2F 1-1: Ball 2-1: Ground out 6-3 (Groundball, 6, EV 105.0 MPH)
|
Batting: RHB Mike Dodson
|
0-0: Ball 1-0: SINGLE (Line Drive, 34, EV 95.6 MPH)
|
Batting: LHB Steve Pond
|
0-0: Foul Ball, location: 2F 0-1: Ball 1-1: Called Strike 1-2: Strikes out swinging
|
Bottom of the 1st over - 1 run, 2 hits, 0 errors, 1 left on base; Albuquerque 0 - Oklahoma City 1 |
TOP OF THE 2ND |
Albuquerque Isotopes batting - Pitching for Oklahoma City Dodgers : RHP Mike Zimmerly
|
Batting: RHB Adrian Rudkilde
|
0-0: Ball 1-0: Ball 2-0: Fly out, F9 (Line Drive, 89M, EV 91.9 MPH)
|
Batting: LHB Chad Persaud
|
0-0: Called Strike 0-1: Ball 1-1: Ball 2-1: Ball 3-1: Swinging Strike 3-2: Foul Ball, location: 2F 3-2: Ground out 5-3 (Groundball, 5, EV 103.8 MPH)
|
Batting: RHB Eddie McCoy
|
0-0: Ball 1-0: Ball 2-0: Foul Ball, location: 2F 2-1: Ground out 6-3 (Groundball, 6, EV 83.1 MPH)
|
Top of the 2nd over - 0 runs, 0 hits, 0 errors, 0 left on base; Albuquerque 0 - Oklahoma City 1 |
BOTTOM OF THE 2ND |
Oklahoma City Dodgers batting - Pitching for Albuquerque Isotopes : LHP Angel Contreras
|
Batting: LHB Jose Robles
|
0-0: Foul Ball, location: 2F 0-1: Foul Ball, location: 2F 0-2: Ball 1-2: Ground out 6-3 (Groundball, 6, EV 97.5 MPH)
|
Batting: RHB Carlos Talavera
|
0-0: Swinging Strike 0-1: Foul Ball, location: 2F 0-2: Ball 1-2: Ball 2-2: Strikes out swinging
|
Batting: LHB Chris Fandino
|
0-0: Ground out 5-3 (Groundball, 56, EV 90.6 MPH)
|
Bottom of the 2nd over - 0 runs, 0 hits, 0 errors, 0 left on base; Albuquerque 0 - Oklahoma City 1 |
TOP OF THE 3RD |
Albuquerque Isotopes batting - Pitching for Oklahoma City Dodgers : RHP Mike Zimmerly
|
Batting: LHB Pablo Cardona
|
0-0: Called Strike 0-1: Called Strike 0-2: Strikes out swinging
|
Batting: RHB Herb McIntyre
|
0-0: Swinging Strike 0-1: Called Strike 0-2: Ball 1-2: Ball 2-2: Ball 3-2: Foul Ball, location: 2F 3-2: Base on Balls
|
Batting: RHB Ben Taylor
|
0-0: Foul Ball, location: 2F 0-1: Ball 1-1: Ball 2-1: Fly out, F8 (Flyball, 8LD, EV 78.8 MPH)
|
Batting: SHB Jamel Wright
|
0-0: Swinging Strike 0-1: Ball 1-1: Ball 2-1: Ball 3-1: Base on Balls Herb McIntyre to second
|
Batting: RHB Sadataka Kuwahara
|
0-0: Ball 1-0: Swinging Strike 1-1: Ball 2-1: Ball 3-1: Called Strike 3-2: Foul Ball, location: 2F 3-2: DOUBLE (Groundball, 5L, EV 98.1 MPH) Herb McIntyre scores Jamel Wright to third Jamel Wright scores
|
Batting: RHB Chris King
|
0-0: Ball 1-0: Ball 2-0: Foul Ball, location: 2F 2-1: Ball 3-1: Foul Ball, location: 2F 3-2: Ground out U3 (Groundball, 13, EV 89.4 MPH)
|
Top of the 3rd over - 2 runs, 1 hit, 0 errors, 1 left on base; Albuquerque 2 - Oklahoma City 1 |
BOTTOM OF THE 3RD |
Oklahoma City Dodgers batting - Pitching for Albuquerque Isotopes : LHP Angel Contreras
|
Batting: LHB Darrell Ortega
|
0-0: Ground out U3 (Groundball, 3, EV 85.6 MPH)
|
Batting: RHB Theo Schepers
|
0-0: Swinging Strike 0-1: Ball 1-1: Ball 2-1: Bunt missed! 2-2: Ball 3-2: SINGLE (Line Drive, 56D, EV 98.8 MPH)
|
Batting: RHB Jeremy Giesler
|
0-0: Ball 1-0: Fielders Choice at 2nd, 4-6 (Groundball, 34S, EV 81.9 MPH)
|
Batting: RHB Curt Earnest
|
0-0: Ball 1-0: Ground out 4-3 (Groundball, 34, EV 84.4 MPH)
|
Bottom of the 3rd over - 0 runs, 1 hit, 0 errors, 1 left on base; Albuquerque 2 - Oklahoma City 1 |
TOP OF THE 4TH |
Albuquerque Isotopes batting - Pitching for Oklahoma City Dodgers : RHP Mike Zimmerly
|
Batting: RHB Adrian Rudkilde
|
0-0: Foul Ball, location: 2F 0-1: Fly out, F8 (Flyball, 8RXD, EV 101.9 MPH)
|
Batting: LHB Chad Persaud
|
0-0: Called Strike 0-1: Foul Ball, location: 2F 0-2: Strikes out swinging
|
Batting: RHB Eddie McCoy
|
0-0: Called Strike 0-1: Called Strike 0-2: Ball 1-2: Foul Ball, location: 2F 1-2: Ball 2-2: Ball 3-2: SINGLE (Groundball, 5D, EV 97.5 MPH)
|
Batting: LHB Pablo Cardona
|
0-0: Ball 1-0: Fly out, F8 (Flyball, 8LD, EV 108.1 MPH)
|
Top of the 4th over - 0 runs, 1 hit, 0 errors, 1 left on base; Albuquerque 2 - Oklahoma City 1 |
BOTTOM OF THE 4TH |
Oklahoma City Dodgers batting - Pitching for Albuquerque Isotopes : LHP Angel Contreras
|
Batting: RHB Mike Dodson
|
0-0: Called Strike 0-1: Swinging Strike 0-2: Ball 1-2: Ball 2-2: SINGLE (Groundball, 6MD, EV 96.9 MPH)
|
Batting: LHB Steve Pond
|
0-0: Called Strike 0-1: Ball 1-1: Ball 2-1: Grounds out, U3 (Groundball, 3L, EV 83.8 MPH)
|
Batting: LHB Jose Robles
|
0-0: Called Strike 0-1: Ball 1-1: Ball 2-1: Ball 3-1: Swinging Strike 3-2: Fly out, F8 (Flyball, 8RD, EV 96.9 MPH) Runner from 2nd tags up, SAFE at 3rd with throw by CF
|
Batting: RHB Carlos Talavera
|
0-0: Ball 1-0: Foul Ball, location: 2F 1-1: Ball 2-1: Ground out 2-3 (Groundball, 13S, EV 70.6 MPH)
|
Bottom of the 4th over - 0 runs, 1 hit, 0 errors, 1 left on base; Albuquerque 2 - Oklahoma City 1 |
TOP OF THE 5TH |
Albuquerque Isotopes batting - Pitching for Oklahoma City Dodgers : RHP Mike Zimmerly
|
Batting: RHB Herb McIntyre
|
0-0: Called Strike 0-1: Ball 1-1: Ground out 6-3 (Groundball, 56, EV 103.8 MPH)
|
Batting: RHB Ben Taylor
|
0-0: Ball 1-0: Ball 2-0: Foul Ball, location: 2F 2-1: Ball 3-1: Base on Balls
|
Batting: SHB Jamel Wright
|
0-0: Called Strike 0-1: Ball 1-1: Grounds into double play, 6-4-3 (Groundball, 6, EV 85.0 MPH)
|
Top of the 5th over - 0 runs, 0 hits, 0 errors, 0 left on base; Albuquerque 2 - Oklahoma City 1 |
BOTTOM OF THE 5TH |
Oklahoma City Dodgers batting - Pitching for Albuquerque Isotopes : LHP Angel Contreras
|
Batting: LHB Chris Fandino
|
0-0: Ball 1-0: Called Strike 1-1: Foul Ball, location: 2F 1-2: Strikes out looking
|
Batting: LHB Darrell Ortega
|
0-0: Foul Ball, location: 2F 0-1: Called Strike 0-2: Strikes out looking
|
Batting: RHB Theo Schepers
|
0-0: Ball 1-0: Ball 2-0: Swinging Strike 2-1: Ball 3-1: Ground out 5-3 (Groundball, 5L, EV 104.4 MPH)
|
Bottom of the 5th over - 0 runs, 0 hits, 0 errors, 0 left on base; Albuquerque 2 - Oklahoma City 1 |
TOP OF THE 6TH |
Albuquerque Isotopes batting - Pitching for Oklahoma City Dodgers : RHP Mike Zimmerly
|
Batting: RHB Sadataka Kuwahara
|
0-0: Foul Ball, location: 2F 0-1: Foul Ball, location: 2F 0-2: Ground out 6-3 (Groundball, 6MS, EV 71.9 MPH)
|
Batting: RHB Chris King
|
0-0: Called Strike 0-1: Ball 1-1: SINGLE (Line Drive, 4M, EV 99.4 MPH)
|
Batting: RHB Adrian Rudkilde
|
0-0: Called Strike 0-1: Ball 1-1: Ball 2-1: Ball 3-1: SINGLE (Line Drive, 6MD, EV 95.0 MPH) Chris King to second
|
Batting: LHB Chad Persaud
|
0-0: Called Strike 0-1: Foul Ball, location: 2F 0-2: Strikes out swinging
|
Pitching: LHP Dave Burridge
|
|
Batting: RHB Eddie McCoy
|
0-0: Ball 1-0: Foul Ball, location: 2F 1-1: Ball 2-1: Called Strike 2-2: Foul Ball, location: 2F 2-2: Foul Ball, location: 2F 2-2: Ball 3-2: Foul Ball, location: 2F 3-2: SINGLE (Groundball, 56, EV 83.1 MPH) (infield hit) Chris King to third Adrian Rudkilde to second
|
Batting: LHB Pablo Cardona
|
0-0: Ball 1-0: Fielders Choice at 2nd, 6-4 (Groundball, 6, EV 90.6 MPH)
|
Top of the 6th over - 0 runs, 3 hits, 0 errors, 3 left on base; Albuquerque 2 - Oklahoma City 1 |
BOTTOM OF THE 6TH |
Oklahoma City Dodgers batting - Pitching for Albuquerque Isotopes : LHP Angel Contreras
|
Batting: RHB Jeremy Giesler
|
0-0: Ball 1-0: Foul Ball, location: 2F 1-1: Foul Ball, location: 2F 1-2: Ground out 4-3 (Groundball, 34, EV 97.5 MPH)
|
Batting: RHB Curt Earnest
|
0-0: Called Strike 0-1: SINGLE (Groundball, 4D, EV 101.9 MPH)
|
Batting: RHB Mike Dodson
|
0-0: Called Strike Curt Earnest is caught stealing 2nd base 2-4 0-1: Ball 1-1: Foul Ball, location: 2F 1-2: Foul Ball, location: 2F 1-2: Strikes out swinging
|
Bottom of the 6th over - 0 runs, 1 hit, 0 errors, 0 left on base; Albuquerque 2 - Oklahoma City 1 |
TOP OF THE 7TH |
Albuquerque Isotopes batting - Pitching for Oklahoma City Dodgers : LHP Dave Burridge
|
Batting: RHB Herb McIntyre
|
0-0: Foul Ball, location: 2F 0-1: SOLO HOME RUN (Flyball, 7D, EV 97.5 MPH), Distance : 371 ft
|
Batting: RHB Ben Taylor
|
0-0: Ground out 4-3 (Groundball, 4M, EV 86.9 MPH)
|
Batting: SHB Jamel Wright
|
0-0: Foul Ball, location: 2F 0-1: Called Strike 0-2: Strikes out swinging
|
Batting: RHB Sadataka Kuwahara
|
0-0: Ball 1-0: Called Strike 1-1: Fly out, F9 (Line Drive, 9D, EV 91.2 MPH)
|
Top of the 7th over - 1 run, 1 hit, 0 errors, 0 left on base; Albuquerque 3 - Oklahoma City 1 |
BOTTOM OF THE 7TH |
Oklahoma City Dodgers batting - Pitching for Albuquerque Isotopes : LHP Angel Contreras
|
Batting: LHB Steve Pond
|
0-0: Called Strike 0-1: Ball 1-1: Called Strike 1-2: Foul Ball, location: 2F 1-2: Foul Ball, location: 2F 1-2: Ball 2-2: Foul Ball, location: 2F 2-2: Strikes out swinging
|
Batting: LHB Jose Robles
|
0-0: Foul Ball, location: 2F 0-1: Foul Ball, location: 2F 0-2: Ground out 6-3 (Groundball, 56, EV 106.2 MPH)
|
Batting: RHB Carlos Talavera
|
0-0: Ball 1-0: Ball 2-0: Swinging Strike 2-1: Swinging Strike 2-2: Strikes out swinging
|
Bottom of the 7th over - 0 runs, 0 hits, 0 errors, 0 left on base; Albuquerque 3 - Oklahoma City 1 |
TOP OF THE 8TH |
Albuquerque Isotopes batting - Pitching for Oklahoma City Dodgers : LHP Dave Burridge
|
Pitching: LHP J.P. Blair
|
|
Batting: RHB Chris King
|
0-0: Fly out, F9 (Flyball, 89D, EV 92.5 MPH)
|
Batting: RHB Adrian Rudkilde
|
0-0: Called Strike 0-1: Foul Ball, location: 2F 0-2: Ball 1-2: Strikes out swinging
|
Batting: LHB Chad Persaud
|
0-0: Ball 1-0: SINGLE (Line Drive, 3D, EV 95.6 MPH)
|
Batting: RHB Eddie McCoy
|
0-0: Ball 1-0: Swinging Strike 1-1: Swinging Strike 1-2: Ball Chad Persaud steals 2nd, throwing error, E2 Chad Persaud to third 2-2: Foul Ball, location: 2F 2-2: Ball 3-2: Foul Ball, location: 2F 3-2: Base on Balls
|
Batting: LHB Pablo Cardona
|
0-0: Called Strike 0-1: Foul Ball, location: 2F 0-2: Ball 1-2: Ball 2-2: Foul Ball, location: 2F 2-2: Strikes out swinging
|
Top of the 8th over - 0 runs, 1 hit, 1 error, 2 left on base; Albuquerque 3 - Oklahoma City 1 |
BOTTOM OF THE 8TH |
Oklahoma City Dodgers batting - Pitching for Albuquerque Isotopes : LHP Angel Contreras
|
Pitching: RHP Tyler Smith
|
|
Batting: LHB Chris Fandino
|
0-0: Hit by Pitch
|
Batting: LHB Darrell Ortega
|
0-0: Called Strike 0-1: Called Strike 0-2: Ball 1-2: Foul Ball, location: 2F 1-2: Strikes out swinging
|
Pinch Hitting: LHB Robin More
|
0-0: Called Strike 0-1: Foul Ball, location: 2F 0-2: Ball 1-2: Ball 2-2: Ball 3-2: Base on Balls Chris Fandino to second
|
Batting: RHB Jeremy Giesler
|
0-0: Ball 1-0: Ball 2-0: Ball Wild Pitch! Chris Fandino to third Robin More to second 3-0: Called Strike 3-1: Base on Balls
|
Batting: RHB Curt Earnest
|
0-0: Ball 1-0: Ball 2-0: Ball 3-0: Base on Balls Chris Fandino scores Robin More to third Jeremy Giesler to second
|
Batting: RHB Mike Dodson
|
0-0: Swinging Strike 0-1: Fly out, F9 (Flyball, 9, EV 90.6 MPH) Runner from 3rd tags up, SCORES, no throw by RF
|
Batting: LHB Steve Pond
|
0-0: Ball 1-0: Ball 2-0: Fielders Choice at 2nd, 6-4 (Groundball, 6, EV 78.8 MPH)
|
Bottom of the 8th over - 2 runs, 0 hits, 0 errors, 2 left on base; Albuquerque 3 - Oklahoma City 3 |
TOP OF THE 9TH |
Albuquerque Isotopes batting - Pitching for Oklahoma City Dodgers : LHP J.P. Blair
|
Pitching: RHP Juan Hurtado
|
|
Now at 2B: Curt Earnest
|
|
Now at 3B: Chris Raymond
|
|
Batting: RHB Herb McIntyre
|
0-0: Foul Ball, location: 2F 0-1: Ground out 4-3 (Groundball, 4S, EV 93.8 MPH)
|
Batting: RHB Ben Taylor
|
0-0: Called Strike 0-1: Ball 1-1: Ball 2-1: Foul Ball, location: 2F 2-2: Ball 3-2: Strikes out swinging, 2-3 out at first.
|
Batting: SHB Jamel Wright
|
0-0: Ball 1-0: Foul Ball, location: 2F 1-1: Swinging Strike 1-2: Ball 2-2: Ball 3-2: Ground out 5-3 (Groundball, 56, EV 86.9 MPH)
|
Top of the 9th over - 0 runs, 0 hits, 0 errors, 0 left on base; Albuquerque 3 - Oklahoma City 3 |
BOTTOM OF THE 9TH |
Oklahoma City Dodgers batting - Pitching for Albuquerque Isotopes : RHP Tyler Smith
|
Pitching: RHP Humberto Gutierrez
|
|
Batting: LHB Jose Robles
|
0-0: Swinging Strike 0-1: Ball 1-1: SINGLE (Groundball, 5D, EV 102.5 MPH)
|
Pinch Hitting: LHB Tony Morales
|
0-0: Foul Ball, location: 2F 0-1: Called Strike 0-2: Foul Ball, location: 2F 0-2: Ball 1-2: 2-RUN HOME RUN (Flyball, 9LD, EV 93.1 MPH), Distance : 332 ft
|
Bottom of the 9th over - 2 runs, 2 hits, 0 errors, 0 left on base; Albuquerque 3 - Oklahoma City 5 |
|